 Dungeon Crawl Stone Soup version 0.18.1-2-ga659475 (webtiles) character file.

114 Chiseanne the Skirmisher (level 4, -3/38 HPs)
             Began as a Ghoul Earth Elementalist on May 8, 2016.
             Slain by a wight
             ... wielding a cursed +3 hand axe
              (5 damage)
             ... on level 3 of the Dungeon.
             The game lasted 00:07:08 (1702 turns).

Chiseanne the Skirmisher (Ghoul Earth Elementalist) Turns: 1702, Time: 00:07:09

Health: -3/38      AC:  8    Str: 11    XL:     4   Next: 98%
Magic:  5/5        EV: 13    Int: 10    God:
Gold:   145        SH:  9    Dex: 15    Spells: 1 memorised, 5 levels left

rFire  . . .     SeeInvis .     a - +0 long sword
rCold  + . .     Gourm    .     r - +0 ring mail
rNeg   + + +     Faith    .     t - +2 shield
rPois  ∞         Spirit   .     (no helmet)
rElec  .         Dismiss  .     (no cloak)
rCorr  .         Reflect  .     f - +2 pair of gloves
SustAt .         Harm     .     (no boots)
MR     .....                    (no amulet)
Stlth  ++........               (no ring)
                                (no ring)

@: agile, rotting, not resistant to hostile enchantments, unstealthy
A: rotting body, claws 1, carnivore 3, cold resistance 1, negative energy
resistance 3, slow regeneration 1, torment resistance, unbreathing
a: no special abilities


You were on level 3 of the Dungeon.
You were not hungry.

You visited 1 branch of the dungeon, and saw 3 of its levels.

You collected 145 gold pieces.

Inventory:

Hand Weapons
 a - a +0 long sword (weapon)
 w - a +1 hunting sling
Missiles
 b - 111 stones (quivered)
 e - 21 poisoned needles
 q - 41 sling bullets
Armour
 f - a +2 pair of gloves (worn)
 r - a +0 ring mail (worn)
 t - a +2 shield (worn)
Scrolls
 d - a scroll of teleportation {unknown}
 g - 2 scrolls of blinking
 k - 2 scrolls of magic mapping
 l - a scroll of remove curse
 n - a scroll of identify
Potions
 j - 3 potions of flight
Books
 c - a book of Geomancy

   Spells                             Type                      Level
   a - Sandblast                      Earth                        1
   b - Passwall                       Transmutation/Earth          2
   c - Stone Arrow                    Conjuration/Earth            3
   d - Petrify                        Transmutation/Earth          4
   e - Lee's Rapid Deconstruction     Earth                        5
Comestibles
 i - a beef jerky
 m - a slice of pizza


   Skills:
 * Level 3.4 Fighting
 * Level 2.2 Slings
 - Level 1.7 Dodging
 - Level 2.1 Stealth
 * Level 0.8 Shields
 - Level 1.7 Spellcasting
   Level 0.8 Transmutations
 - Level 3.2 Earth Magic


You had 5 spell levels left.
You knew the following spells:

 Your Spells              Type           Power        Failure   Level  Hunger
a - Sandblast             Erth           #.....       96%         1    ##.....


Dungeon Overview and Level Annotations

Branches:
Dungeon (3/15)

Altars:
Fedhas


Innate Abilities, Weirdness & Mutations

Your body is rotting away.
You thrive on raw meat.
You are immune to poison.
You have sharp fingernails.
You are carnivorous and can eat meat at any time.
Your flesh is cold resistant.
You are immune to negative energy.
You regenerate slowly when monsters are visible.
You are immune to unholy pain and torment.
You can survive without breathing.


Message History

The wight is severely damaged.
You block the wight's attack.
You hit the wight.
The wight is almost destroyed.
The wight closely misses you.
You barely miss the wight.
The wight is almost destroyed.
You block the wight's attack.
You completely miss the wight.
The wight is almost destroyed.
The wight closely misses you.
You slash the wight!
You destroy the wight!
Your Slings skill increases to level 2!
You closely miss the wight. The wight hits you but does no damage.
The wight hits you with an enchanted hand axe!
* * * LOW HITPOINT WARNING * * *
You barely miss the wight.
The wight hits you with an enchanted hand axe.
You die...

... #### ### ..# .... ..# ..#
... ...# #.# #.###.## ##.# #.#
#.#.#..## #.# #.# #.#.#...
##.###.# #.#.#..#
.#.....#############.#.#..#####.
................@z....(#...z.((.
.#####################.#...# .#
.....%...z..# .#
#######.#######. .# #.........
.# #.######## .# ### .. .#


You could see a wight.

Vanquished Creatures
  A wight (D:3)
  2 adders (D:2)
  A dart slug (D:2)
  3 giant geckos
  An orc (D:3)
  9 goblins
  6 hobgoblins
  2 jackals (D:1)
  A quokka (D:2)
  6 bats
  4 giant newts
  3 kobolds
  10 rats
  A fungus (D:2)
50 creatures vanquished.

Notes
Turn   | Place    | Note
--------------------------------------------------------------
     0 | D:1      | Chiseanne the Ghoul Earth Elementalist began the quest for the Orb.
     0 | D:1      | Reached XP level 1. HP: 14/14 MP: 2/2
   123 | D:1      | Reached skill level 1 in Fighting
   146 | D:1      | Reached XP level 2. HP: 23/23 MP: 0/3
   811 | D:2      | Reached skill level 1 in Slings
   811 | D:2      | Reached XP level 3. HP: 26/30 MP: 0/4
  1153 | D:2      | Found a blossoming altar of Fedhas.
  1195 | D:2      | Reached XP level 4. HP: 37/37 MP: 5/5
  1702 | D:3      | Slain by a wight

Skill      XL: |  1  2  3  4 |
---------------+-------------+-----
Fighting       | 1 2 3 |  3.4
Slings         | 1 2 |  2.2
Dodging        | |  1.7
Stealth        | |  2.1
Shields        | |  0.8
Spellcasting   | |  1.7
Transmutations | |  0.8
Earth Magic    | |  3.2

Action                   |  1- 3 |  4- 6 || total
-------------------------+-------+-------++-------
Melee: Club              |    21 |       ||    21
       Unarmed           |     2 |       ||     2
       Short sword       |    26 |    32 ||    58
       Long sword        |       |    35 ||    35
 Fire: Hunting sling     |    59 |    17 ||    76
 Cast: Sandblast         |    10 |       ||    10
  Use: Scroll            |     4 |     2 ||     6
       Potion            |       |     3 ||     3
  Eat: Chunk             |    10 |     4 ||    14
Armor: Robe              |     1 |       ||     1
       Leather armour    |    14 |       ||    14
       Ring mail         |    11 |    40 ||    51
Dodge: Dodged            |    48 |    46 ||    94
Block: Shield            |       |    10 ||    10
